 Dungeon Crawl Stone Soup version 0.30-a0-6-g7c9e10e132 (console) character file.

Game seed: 2161114712566301913

225 odiv the Grasshopper (level 5, -40/46 HPs)
             Began as a Palentonga Warper on Aug 22, 2022.
             Was a Priest of Dithmenos.
             Killed by an exploding adder (43 damage)
             ... ignited by their inner flame
             ... in a sewer.
             The game lasted 00:18:00 (4528 turns).

odiv the Grasshopper (Palentonga Warper)            Turns: 4528, Time: 00:18:01

Health: -40/46     AC: 11    Str: 16    XL:     5   Next: 68%
Magic:  8/8        EV:  9    Int: 16    God:    Dithmenos [***...]
Gold:   101        SH:  0    Dex:  9    Spells: 6/8 levels left

rFire   . . .      SeeInvis +    a - +0 falchion (protect)
rCold   . . .      Faith    .    (no shield)
rNeg    . . .      Spirit   .    g - +0 leather armour
rPois   .          Reflect  .    (no helmet)
rElec   .          Harm     .    (no cloak)
rCorr   .          Rampage  .    (no gloves)
Will    .....                    (no barding)
Stlth   +.........               (no amulet)
HPRegen 0.15/turn                (no ring)
MPRegen 0.11/turn                (no ring)

@: under a protective aura, wreathed by umbra
A: large, rugged brown scales 3, see invisible, deformed body, roll 1, armoured
tail
a: Rolling Charge, Renounce Religion, Shadow Step


You were in a sewer.
You worshipped Dithmenos.
Dithmenos was most pleased with you.
You visited 1 branch of the dungeon, and saw 4 of its levels.
You also visited: Sewer.

You collected 101 gold pieces.

Inventory:

Hand Weapons
 a - a +0 falchion of protection (weapon)
 b - a +0 sling
 s - a +0 dagger
Missiles
 d - 7 boomerangs of dispersal
 f - 4 poisoned darts
 o - 35 stones
 p - 4 boomerangs (quivered)
Armour
 g - a +0 leather armour (worn)
Magical Staves
 v - a staff of conjuration
Jewellery
 t - a +4 ring of protection
 u - a ring of fire
 w - the ring of Cusamna {rPois rC+ Dex-4 Stlth+}
   (You found it on level 4 of the Dungeon)

   [ring of protection from cold]

   Dex:       It affects your dexterity (-4).
   rC:        It protects you from cold.
   rPois:     It protects you from poison.
   Stlth:     It makes you more stealthy.
Scrolls
 c - 2 scrolls of blinking
 h - a scroll of amnesia {unknown}
 i - a scroll of identify
 l - 2 scrolls of summoning {unknown}
 m - a scroll of butterflies {unknown}
 q - a scroll of enchant weapon
Potions
 e - 2 potions of mutation {unknown}
 j - 3 potions of attraction
 k - a potion of curing


   Skills:
 + Level 4.5 Fighting
 - Level 2.0 Long Blades
 - Level 0.6 Throwing
 - Level 0.7 Armour
 - Level 1.5 Dodging
 - Level 2.0 Spellcasting
 - Level 5.0 Translocations


You had 6 spell levels left.
You knew the following spells:

 Your Spells              Type           Power      Damage    Failure   Level
b - Blink                 Tloc           34%        N/A       4%          2

Your spell library contained the following spells:

 Spells                   Type           Power      Damage    Failure   Level
 Gell's Gravitas          Tloc           17%        N/A       10%         3
 Lesser Beckoning         Tloc           17%        N/A       10%         3
 Teleport Other           Tloc           17%        N/A       10%         3
 Manifold Assault         Tloc           17%        N/A       65%         5


Dungeon Overview and Level Annotations

Branches:
Dungeon (4/15)              Sewer (1/1)
 Temple: D:4-7

Altars:
Ashenzari
Cheibriados
Dithmenos
Fedhas
Okawaru
Ru
Sif Muna
Vehumet
Yredelemnul
Zin
The Shining One

Shops:
D:4 *

Annotations:
D:3 Jessica, Sigmund


Innate Abilities, Weirdness & Mutations

You are completely covered in rugged brown scales. (AC +3, +7% HP)
You have supernaturally acute eyesight. (SInv)
Armour fits poorly on your strangely shaped body.
You can roll at nearby foes to attack.
You have a long armoured tail.


Message History

You hit the adder.
Flame seeps out of the adder.
Your weapon exudes an aura of protection.
Flame seeps out of the adder.
You tail-slap the adder.
The adder is heavily wounded.
The adder is engulfed in blazing flames.
Dithmenos accepts your kill.
The adder explodes!
The fiery explosion engulfs the adder!!!
Dithmenos accepts your kill.
The fiery explosion engulfs the bullfrog!
Flame seeps out of the bullfrog.
The bullfrog is severely wounded.
The fiery explosion engulfs the frilled lizard!!
Dithmenos accepts your kill.
The fiery explosion engulfs the adder!!
Dithmenos accepts your kill.
The fiery explosion engulfs the adder!!!
Dithmenos accepts your kill.
You will now sometimes bleed smoke when heavily injured by enemies.
The fiery explosion engulfs you!!
The adder explodes!
The fiery explosion engulfs the ball python!!!
Dithmenos accepts your kill.
The fiery explosion engulfs the adder!!
Dithmenos accepts your kill.
The fiery explosion engulfs the bullfrog!!
Dithmenos accepts your kill.
The bullfrog explodes!
The fiery explosion engulfs you but does no damage.
The fiery explosion engulfs the adder!!!
Dithmenos accepts your kill.
The adder explodes!
The fiery explosion engulfs you!
* * * LOW HITPOINT WARNING * * *
The adder explodes!
The ball python explodes!
The adder explodes!
The fiery explosion engulfs the bullfrog!!
Dithmenos accepts your kill. The fiery explosion engulfs you!!!
Ouch! That really hurt!
You die...

.....#
......
~~~~##
##..~~##
~~~~~#
#≈≈≈~≈~#
≈≈~~~#
#~~~≈≈≈#
≈~~~≈#
#≈≈§~≈≈#
~≈~~~#
#≈≈§§≈§#
~~≈≈≈#
#≈l§§§§#
~~~≈≈#
#≈≈§○§§#
~~≈≈≈#
#≈≈§§@§#
~~.~##
#≈≈§l§§#
..÷÷≈#
#≈≈~≈~~#
..~.≈#
#≈≈~~#≈#
≈≈≈÷÷#
#≈≈≈~≈≈#
≈≈≈~~#
#≈~~~≈≈#
≈~~~~#
#≈~~~≈≈#
~~~~≈#
#≈≈~~≈≈#
≈~~≈≈#
#####≈~~~~≈#


You could see 2 frilled lizards.

Vanquished Creatures
  2 bullfrogs (Sewer)
  16 adders
  2 river rats (Sewer)
  2 worms
  4 dart slugs
  An orc (D:4)
  13 ball pythons
  7 bats
  9 endoplasms
  2 giant cockroaches
  4 goblins
  11 hobgoblins
  4 jackals (D:2)
  4 kobolds
  3 quokkas
  7 frilled lizards
  26 rats
117 creatures vanquished.

Notes
Turn   | Place    | Note
-------+----------+-------------------------------------------
     0 | D:1      | odiv the Palentonga Warper began the quest for the Orb.
     0 | D:1      | Reached XP level 1. HP: 17/17 MP: 3/3
   296 | D:1      | Reached XP level 2. HP: 23/23 MP: 5/5
   303 | D:1      | Learned a level 2 spell: Blink
   632 | D:1      | Reached skill level 4 in Translocations
  1035 | D:1      | Reached XP level 3. HP: 4/28 MP: 1/6
  1411 | D:2      | Found a snail-covered altar of Cheibriados.
  2051 | D:2      | Reached XP level 4. HP: 25/35 MP: 7/7
  2281 | D:2      | Reached skill level 5 in Translocations
  2560 | D:2      | Found a faded altar of an unknown god.
  2645 | D:2      | Prayed at the altar of an unknown god.
  2645 | D:2      | Became a worshipper of Dithmenos the Shadowed
  2645 | D:2      | Reached * piety under Dithmenos
  2722 | D:3      | Found a blossoming altar of Fedhas.
  2722 | D:3      | Found a broken altar of Ashenzari.
  2722 | D:3      | Found a radiant altar of Vehumet.
  2727 | D:3      | Found a shimmering blue altar of Sif Muna.
  2731 | D:3      | Found a shadowy altar of Dithmenos.
  2733 | D:3      | Found a glowing golden altar of the Shining One.
  2736 | D:3      | Found a basalt altar of Yredelemnul.
  2738 | D:3      | Found an iron altar of Okawaru.
  2740 | D:3      | Found a sacrificial altar of Ru.
  2868 | D:3      | Noticed Sigmund
  3002 | D:3      | Found a glowing silver altar of Zin.
  3143 | D:3      | Noticed Jessica
  3393 | D:4      | Found Eloxzoul's General Store.
  3435 | D:4      | Found a glowing drain.
  3445 | D:4      | Reached XP level 5. HP: 43/43 MP: 8/8
  3466 | D:4      | Identified the ring of Cusamna {rPois rC+ Dex-4 Stlth+}
  3484 | Sewer    | Entered a sewer
  3578 | Sewer    | Reached ** piety under Dithmenos
  4528 | Sewer    | Reached *** piety under Dithmenos
  4528 | Sewer    | Killed by an exploding adder... ignited by their inner
                  | flame

Illustrated notes

Levels and vault maps discovered:
D:1:      lightli_arrival_chessboard, layout_loops_ring, item_on_display_a
D:2:      layout_basic, shapermc_ecumenical_altar_mp_vishouse, basic_altar,
          bh_walls_and_bars
D:3:      layout_rooms, zin_academy, nicolae_overflow_hallway_of_the_gods,
          uniq_jessica, uniq_sigmund
D:4:      layout_loops_ring, makhleb_altar_promises_db, enter_ossuary_5,
          serial_shops, nicolae_take_the_stairs, gup_sewer_entry_glass,
          kennysheep_generic_room_16
Sewer:    sewer_minmay_w

Skill      XL: |  1  2  3  4  5 |
---------------+----------------+-----
Translocations | 4 5 |  5.0
Fighting       | 3 4 |  4.5
Long Blades    | |  2.0
Throwing       | |  0.6
Armour         | |  0.7
Dodging        | |  1.5
Spellcasting   | |  2.0

Action                   |  1- 3 |  4- 6 || total
-------------------------+-------+-------++-------
Melee: Falchion          |   139 |   238 ||   377
       Tailslap          |    12 |    24 ||    36
       Punch             |     2 |     2 ||     4
 Fire: Sling             |    23 |     1 ||    24
Throw: Dart              |     5 |       ||     5
       Boomerang         |       |     6 ||     6
 Cast: Blink             |     7 |    16 ||    23
 Abil: Rolling Charge    |    41 |    34 ||    75
  Use: Potion            |     1 |     9 ||    10
       Scroll            |       |     5 ||     5
Armor: Leather armour    |    53 |   176 ||   229
Dodge: Dodged            |    89 |   221 ||   310

Table legend: (Time is in decaauts)
 A = Elapsed time spent in this place.
 B = Non-inter-level travel time spent in this place.
 C = Inter-level travel time spent in this place.
 D = Time resting spent in this place.
 E = Time spent auto-exploring this place.
 F = Levels seen in this place.
 G = Mean time per level.
                   A        B        C        D        E       F      G
               +--------+--------+--------+--------+--------+-----+--------+
         Total |   4619 |   4485 |    134 |   1736 |   1478 |   5 |  923.8 |
       Dungeon |   3519 |   3385 |    134 |   1117 |   1360 |   4 |  879.8 |
         Sewer |   1099 |   1099 |      0 |    618 |    118 |   1 | 1099.0 |
               +--------+--------+--------+--------+--------+-----+--------+

Top non-repeatable levels by time:
     D:2: 1452 daAuts
     D:1: 1424 daAuts
   Sewer: 1099 daAuts
     D:3: 397 daAuts
     D:4: 245 daAuts
